 Dungeon Crawl Stone Soup version 0.17-a0-18-gc25b939 (console) character file.

428 MrRokkomies the Slasher (level 6, -2/39 HPs)
             Began as a High Elf Warper on Mar 10, 2015.
             Slain by a sky beast (5 damage)
             ... on level 5 of the Dungeon.
             The game lasted 00:17:18 (3287 turns).

MrRokkomies the Slasher (High Elf Warper)           Turns: 3287, Time: 00:17:18

Health: -2/39      AC:  6    Str: 10    XL:     6   Next: 65%
Magic:  14/15      EV: 14    Int: 19    God:
Gold:   213        SH:  0    Dex: 15    Spells: 3 memorised, 4 levels left

rFire  . . .     SeeInvis .     a - +0 falchion
rCold  . . .     Clarity  .     b - +0 leather armour
rNeg   . . .     SustAb   .     (no shield)
rPois  .         Gourm    .     (no helmet)
rElec  .         Spirit   .     o - +0 cloak
rCorr  .         Warding  .     w - +0 pair of gloves
rMut   .         Stasis   .     x - +0 pair of boots
MR     .....                    (no amulet)
Stlth  +.........               (no ring)
                                y - ring of teleport control

@: not resistant to hostile enchantments, very unstealthy
A: no striking features
a: Evoke Teleport Control


You were on level 5 of the Dungeon.
You were not hungry.

You visited 1 branch of the dungeon, and saw 5 of its levels.

You collected 213 gold pieces.

Inventory:

Hand weapons
 a - a +0 falchion (weapon)
 h - a +2 whip of electrocution
Missiles
 e - 4 tomahawks of dispersal
 i - 74 stones (quivered)
 p - 55 arrows
 t - 28 poisoned needles
Armour
 b - a +0 leather armour (worn)
 o - a +0 cloak (worn)
 w - a +0 pair of gloves (worn)
 x - a +0 pair of boots (worn)
Jewellery
 y - a ring of teleport control (left hand)
Magical devices
 r - a wand of frost (12)
Scrolls
 d - 3 scrolls of blinking
 k - a scroll of remove curse
Potions
 j - a potion of lignification
 n - a potion of flight
 q - a potion of agility
 s - a potion of resistance
 u - a potion of ambrosia {unknown}
 z - a potion of poison {unknown}
Books
 c - a book of Spatial Translocations

   Spells                             Type                      Level
   a - Apportation                    Translocation                1
   b - Blink                          Translocation                2
   c - Shroud of Golubria             Charms/Translocation         2
   d - Portal Projectile              Translocation                3
   e - Teleport Other                 Translocation                3
   f - Passage of Golubria            Translocation                4
Comestibles
 f - 4 bread rations
 g - 2 beef jerkies
 l - 4 meat rations
 m - a slice of pizza
 v - a royal jelly
 A - 3 fruits


   Skills:
 - Level 2.0 Fighting
 * Level 6.4 Long Blades
 - Level 1.1 Throwing
 - Level 0.8 Armour
 * Level 5.6 Dodging
 - Level 2.4 Spellcasting
 - Level 3.2 Translocations


You had 4 spell levels left.
You knew the following spells:

 Your Spells              Type           Power        Failure   Level  Hunger
a - Apportation           Tloc           ##........   8%          1    #......
b - Blink                 Tloc           N/A          12%         2    ##.....
c - Shroud of Golubria    Chrm/Tloc      #.........   21%         2    ##.....


Dungeon Overview and Level Annotations

Branches:
Dungeon (5/15)
 Temple: D:4-7

Altars:
Fedhas
The Shining One


Message History

You hit the sky beast but do no damage.
The sky beast is severely wounded.
The sky beast closely misses you.
You hit the sky beast but do no damage.
The sky beast is severely wounded.
The sky beast misses you.
You hit the sky beast.
The sky beast is almost dead.
The sky beast flickers out of sight!
Deactivating autopickup; reactivate with Ctrl-A.
Something hits you but does no damage.
You closely miss something. Something hits you. Something shocks you.
You barely miss something. Something hits you. Something shocks you.
Your shroud falls apart!
You closely miss something. Something hits you. Something shocks you.
* * * LOW HITPOINT WARNING * * *
You closely miss something. Something hits you.
* * * LOW HITPOINT WARNING * * *
Something shocks you.
You die...

# # .#. #.#
#.# #####.#
#.....#
##.#.##.###{#
........<.@.#
##.####†#.#.#
#.....#
...........
#.#####.######
#.# #.# #.#
#.# #.#


There were no monsters in sight!

Vanquished Creatures
  A crimson imp (D:3)
  Crazy Yiuf (D:3)
  An orc priest (D:4)
  3 orc wizards
  Natasha (thrice) (D:3)
  2 worker ants (D:4)
  Jessica (D:2)
  4 gnolls (D:3)
  2 adders
  3 giant mites
  A worm (D:4)
  An adder skeleton (D:4)
  An ooze (D:1)
  16 orcs
  A ball python (D:3)
  5 giant cockroaches
  11 hobgoblins
  6 jackals (D:2)
  9 bats
  6 giant newts
  8 goblins
  9 kobolds
  8 rats
103 creatures vanquished.

Notes
Turn   | Place    | Note
--------------------------------------------------------------
     0 | D:1      | MrRokkomies, the High Elf Warper, began the quest for the Orb.
     0 | D:1      | Reached XP level 1. HP: 14/14 MP: 4/4
   282 | D:1      | Reached XP level 2. HP: 17/19 MP: 6/6
   287 | D:1      | Learned a level 2 spell: Blink
   290 | D:1      | Learned a level 2 spell: Shroud of Golubria
   760 | D:2      | Reached XP level 3. HP: 20/24 MP: 8/8
  1063 | D:2      | Noticed Jessica
  1074 | D:2      | Killed Jessica
  1155 | D:3      | Reached skill level 4 in Long Blades
  1179 | D:3      | Reached XP level 4. HP: 25/29 MP: 11/11
  1188 | D:3      | Noticed Natasha
  1204 | D:3      | Killed Natasha
  1352 | D:3      | Reached XP level 5. HP: 16/34 MP: 10/12
  1474 | D:3      | Noticed Natasha
  1482 | D:3      | Killed Natasha
  1714 | D:3      | Noticed Natasha
  1721 | D:3      | Killed Natasha
  1811 | D:3      | Reached skill level 5 in Long Blades
  1977 | D:3      | Found a blossoming altar of Fedhas.
  2154 | D:3      | Reached skill level 5 in Dodging
  2241 | D:3      | Noticed Crazy Yiuf
  2248 | D:3      | Killed Crazy Yiuf
  2248 | D:3      | Reached XP level 6. HP: 39/39 MP: 12/15
  2712 | D:4      | Reached skill level 6 in Long Blades
  2819 | D:4      | Found a glowing golden altar of the Shining One.
  3242 | D:5      | Entered Level 5 of the Dungeon
  3287 | D:5      | Slain by a sky beast

Action                   |  1- 3 |  4- 6 || total
-------------------------+-------+-------++-------
Melee: Falchion          |    12 |    25 ||    37
       Whip              |    83 |   208 ||   291
Throw: Tomahawk          |       |     1 ||     1
       Stone             |       |     7 ||     7
 Cast: Shroud of Golubri |     4 |    14 ||    18
  Use: Scroll            |     3 |     5 ||     8
       Potion            |       |     1 ||     1
  Eat: Chunk             |     1 |     8 ||     9
